 Dungeon Crawl Stone Soup version 0.30.0 (webtiles) character file.

Game seed: 3384541133426518216

3835486 jagoly the Luminary of Lethal Lore (level 27, 176/176 HPs)
             Began as a Gargoyle Fire Elementalist on May 18, 2023.
             Was the Champion of Vehumet.
             Escaped with the Orb
             ... and 5 runes on May 19, 2023!
             The game lasted 05:46:07 (53987 turns).

jagoly the Luminary of Lethal Lore (GrFE)          Turns: 53987, Time: 05:46:07

Health: 176/176    AC: 39    Str: 21    XL:     27
Magic:  56/56      EV: 17    Int: 41    God:    Vehumet [******]
Gold:   7570       SH:  9    Dex: 15    Spells: 3/64 levels left

rFire   + . .        b - staff of earth "Huurerph" {rCorr Int+2 SInv Stlth+}
rCold   + + +        d - +2 buckler of Boredom {rElec rC++}
rNeg    + . .        U - +4 troll leather armour {Snorg}
rPois   ∞            o - +3 hat of Pondering {ponderous, Will+ MP+10 Int+5}
rElec   +            I - scarf {rC+ rF+}
rCorr   +            p - +2 pair of gloves of Indecent Exposure {Str+3 Dex+3}
SInv    +            h - +2 pair of boots
Will    +++++        C - amulet of Gatalal {RegenMP +Blink Str+4}
Stlth   ++           X - ring "Kiegyugunt" {Fly rPois Int+6 Dex+4}
HPRegen 1.29/turn    B - ring of Pessimism {Wiz rElec Will++}
MPRegen 0.75/turn

%: wizardry (x1)
@: flying, studying 5 skills, slow
A: sickness immunity, AC +20, big wings, negative energy resistance 1,
electricity resistance, torment resistance 1, petrification resistance, talons
1, clumsy 1, deformed body, MP-powered wands
0: Orb of Zot
}: 5/15 runes: barnacled, slimy, silver, abyssal, gossamer
a: Renounce Religion, Evoke Blink


You escaped.
You worshipped Vehumet.
Vehumet was exalted by your worship.
You visited 13 branches of the dungeon, and saw 57 of its levels.
You visited the Abyss 2 times.
You visited 1 bazaar.
You visited 1 ziggurat, and saw 12 of its levels.
You also visited: Trove, Ossuary, Ice Cave, Wizlab and Desolation.

You collected 11272 gold pieces.
You spent 3702 gold pieces at shops.

Inventory:

Missiles
 m - 18 throwing nets
 t - 17 curare-tipped darts
 O - 4 silver javelins
 P - 11 silver boomerangs
Armour
 c - the -2 hat of the Alchemist {rElec rPois rF+ rC+ rN+ Will+ rMut rCorr}
   (You found it on level 2 of the Depths)

   rF:        It protects you from fire.
   rC:        It protects you from cold.
   rElec:     It insulates you from electricity.
   rPois:     It protects you from poison.
   rN:        It protects you from negative energy.
   rCorr:     It protects you from acid and corrosion.
   rMut:      It protects you from mutation.
   Will:      It increases your willpower.
 d - the +2 buckler of Boredom (worn) {rElec rC++}
   (You found it on level 3 of the Elven Halls)

   rC:        It greatly protects you from cold.
   rElec:     It insulates you from electricity.
 h - a +2 pair of boots (worn)
 o - the +3 hat of Pondering (worn) {ponderous, Will+ MP+10 Int+5}
   (You took it off Gastronok on level 1 of the Lair of Beasts)

   Int:       It affects your intelligence (+5).
   MP:        It affects your magic capacity (+10).
   Will:      It increases your willpower.
 p - the +2 pair of gloves of Indecent Exposure (worn) {Str+3 Dex+3}
   (You acquired it on level 4 of the Depths)

   Str:       It affects your strength (+3).
   Dex:       It affects your dexterity (+3).
 s - the +2 buckler of the Inquisitive Seas {rF+}
   (You acquired it on level 7 of a ziggurat)

   rF:        It protects you from fire.
 I - a scarf of resistance (worn)
 U - a +4 troll leather armour (worn) {Snorg}
Magical Staves
 a - the staff of fire "Jinoda" {rF+ Int+4 Stlth+}
   (You found it on level 10 of a ziggurat)

   [staff of fire]

   Base accuracy: +5 Base damage: 5 Base attack delay: 1.2 This weapon's minimum
   attack delay (0.6) is reached at skill level 12.
   Int:       It affects your intelligence (+4).
   rF:        It protects you from fire.
   Stlth:     It makes you more stealthy.
   It falls into the 'Staves' category.
   It is a one-handed weapon.
 b - the staff of earth "Huurerph" (weapon) {rCorr Int+2 SInv Stlth+}
   (You found it on level 6 of a ziggurat)

   [staff of earth]

   Base accuracy: +5 Base damage: 5 Base attack delay: 1.2 This weapon's minimum
   attack delay (0.6) is reached at skill level 12.
   Int:       It affects your intelligence (+2).
   SInv:      It lets you see invisible.
   rCorr:     It protects you from acid and corrosion.
   Stlth:     It makes you more stealthy.
   It falls into the 'Staves' category.
   It is a one-handed weapon.
Jewellery
 x - the ring "Pulyobli" {rElec rF++ rC+ Str-5 Int+3}
   (You found it on level 2 of a ziggurat)

   [ring of protection from cold]

   Str:       It affects your strength (-5).
   Int:       It affects your intelligence (+3).
   rF:        It greatly protects you from fire.
   rC:        It protects you from cold.
   rElec:     It insulates you from electricity.
 B - the ring of Pessimism (right hand) {Wiz rElec Will++}
   (You found it in the Desolation of Salt)

   [ring of wizardry]

   It improves your spell success rate.
   rElec:     It insulates you from electricity.
   Will:      It greatly increases your willpower.
 C - the amulet of Gatalal (around neck) {RegenMP +Blink Str+4}
   (You bought it in a shop on level 4 of the Depths)

   [amulet of magic regeneration]

   It increases your rate of magic regeneration.
   Str:       It affects your strength (+4).
   +Blink:    It lets you blink.
 X - the ring "Kiegyugunt" (left hand) {Fly rPois Int+6 Dex+4}
   (You took it off a deep elf annihilator on level 5 of the Vaults)

   [ring of intelligence]

   Int:       It affects your intelligence (+6).
   Dex:       It affects your dexterity (+4).
   rPois:     It protects you from poison.
   Fly:       It grants you flight.
Wands
 y - a wand of acid (58)
 F - a wand of digging (14)
 Y - a wand of roots (62)
Scrolls
 l - 34 scrolls of teleportation
 q - 2 scrolls of blinking
 E - 18 scrolls of enchant weapon
 G - 5 scrolls of fog
 H - 10 scrolls of immolation
 L - 12 scrolls of enchant armour
 M - 18 scrolls of vulnerability
 N - 2 scrolls of summoning
 Q - 9 scrolls of poison
 S - 11 scrolls of fear
 T - 4 scrolls of magic mapping
 V - 4 scrolls of silence
 Z - 9 scrolls of amnesia
Potions
 e - 9 potions of might
 g - 4 potions of magic
 i - 7 potions of mutation
 j - a potion of invisibility
 k - 7 potions of ambrosia
 u - 27 potions of heal wounds
 v - 11 potions of lignification
 z - 8 potions of brilliance
 A - 24 potions of curing
 D - 5 potions of haste
 K - 7 potions of cancellation
 R - 7 potions of resistance
Miscellaneous
 f - a condenser vane
 n - a phial of floods
 w - a phantom mirror
 J - a lightning rod (4/4)


   Skills:
 - Level 19.0 Fighting
 + Level 11.9 Armour
 + Level 11.2 Dodging
 - Level 10.0 Stealth
 + Level 11.9 Shields
 - Level 19.0 Spellcasting
 - Level 19.0 Conjurations
 - Level 10.0 Necromancy
 - Level 2.0 Translocations
 - Level 8.0 Transmutations
 - Level 19.0 Fire Magic
 - Level 2.0 Air Magic
 - Level 19.0 Earth Magic
 - Level 12.0 Poison Magic
 - Level 19.1 Invocations
 - Level 10.0 Evocations


You had 3 spell levels left.
You knew the following spells:

 Your Spells              Type           Power      Damage    Failure   Level
b - Borgnjor's Vile Clut  Necr/Erth      62%        N/A       1%          5
d - Dispel Undead         Necr           88%        3d28      1%          4
f - Fire Storm            Conj/Fire      57%        8d14      4%          9
n - Eringya's Noxious Bo  Tmut/Pois      44%        N/A       1%          6
o - Ignition              Fire           57%        3d16      1%          8
r - Starburst             Conj/Fire      57%        6d15      1%          6
v - Poisonous Vapours     Pois/Air       100%       N/A       1%          2
w - Passwall              Tmut/Erth      100%       N/A       0%          2
x - Iron Shot             Conj/Erth      69%        9d13      1%          6
B - Blink                 Tloc           100%       N/A       1%          2
P - Ignite Poison         Fire/Tmut/Pois 98%        N/A       0%          3
S - Swiftness             Air            53%        N/A       1%          3
T - Irradiate             Conj/Tmut      49%        3d28      1%          5

Your spell library contained the following spells:

 Spells                   Type           Power      Damage    Failure   Level
 Foxfire                  Conj/Fire      100%       2x1d9     0%          1
 Kiss of Death            Conj/Necr      100%       2d13      0%          1
 Magic Dart               Conj           100%       1d8       0%          1
 Necrotise                Necr           100%       1d9       0%          1
 Shock                    Conj/Air       100%       1d9       0%          1
 Sting                    Tmut/Pois      100%       1d8       0%          1
 Momentum Strike          Conj/Tloc      100%       3d10      0%          2
 Scorch                   Fire           100%       2d9       0%          2
 Searing Ray              Conj           100%       2d8       0%          2
 Static Discharge         Conj/Air       100%       2-7/arc   0%          2
 Stone Arrow              Conj/Erth      100%       3d13      0%          3
 Beastly Appendage        Tmut           100%       N/A       1%          1
 Freeze                   Ice            100%       1d10      1%          1
 Slow                     Hex            100%       N/A       1%          1
 Summon Small Mammal      Summ           100%       N/A       1%          1
 Ensorcelled Hibernation  Hex/Ice        76%        N/A       1%          2
 Lesser Beckoning         Tloc           100%       N/A       1%          2
 Wereblood                Tmut           81%        N/A       1%          2
 Call Canine Familiar     Summ           38%        N/A       1%          3
 Confusing Touch          Hex            38%        N/A       1%          3
 Dazzling Flash           Conj/Hex       100%       N/A       1%          3
 Frozen Ramparts          Ice            76%        1d12      1%          3
 Gell's Gravitas          Tloc           53%        N/A       1%          3
 Hailstorm                Conj/Ice       86%        3d17      1%          3
 Inner Flame              Hex/Fire       86%        N/A       1%          3
 Ozocubu's Armour         Ice            38%        N/A       1%          3
 Portal Projectile        Hex/Tloc       94%        N/A       1%          3
 Spider Form              Tmut/Pois      88%        N/A       1%          3
 Summon Guardian Golem    Hex/Summ       38%        N/A       1%          3
 Teleport Other           Tloc           53%        N/A       1%          3
 Tukima's Dance           Hex            38%        N/A       1%          3
 Vampiric Draining        Necr           88%        2d12      1%          3
 Vhi's Electric Charge    Tloc/Air       100%       N/A       1%          3
 Volatile Blastmotes      Fire/Tloc      100%       2d18      1%          3
 Flame Wave               Conj/Fire      100%       2d21      0%          4
 Sticky Flame             Conj/Fire      100%       2d11      0%          4
 Fireball                 Conj/Fire      57%        3d22      0%          5
 Iskenderun's Battlesphe  Conj           100%       2d15      0%          5
 Lee's Rapid Deconstruct  Erth           69%        3d31*     0%          5
 Airstrike                Air            26%        2d(4-20)  1%          4
 Anguish                  Hex/Necr       34%        N/A       1%          4
 Animate Armour           Summ/Erth      100%       N/A       1%          4
 Animate Dead             Necr           88%        N/A       1%          4
 Fulminant Prism          Conj/Hex       43%        3d19      1%          4
 Ice Form                 Ice/Tmut       64%        N/A       1%          4
 Iskenderun's Mystic Bla  Conj/Tloc      90%        2d18      1%          4
 Leda's Liquefaction      Hex/Erth       54%        N/A       1%          4
 Manifold Assault         Tloc           53%        N/A       1%          4
 Olgreb's Toxic Radiance  Pois           95%        N/A       1%          4
 Passage of Golubria      Tloc           53%        N/A       1%          4
 Petrify                  Tmut/Erth      100%       N/A       1%          4
 Agony                    Necr           88%        N/A       1%          5
 Arcjolt                  Conj/Air       45%        1d55      1%          5
 Blade Hands              Tmut           40%        N/A       1%          5
 Freezing Cloud           Conj/Ice/Air   38%        6-21      1%          5
 Yara's Violent Unravell  Hex/Tmut       32%        3d13      1%          5
 Conjure Ball Lightning   Conj/Air       45%        3x3d16    1%          6
 Death Channel            Necr           44%        N/A       1%          6
 Plasma Beam              Fire/Air       45%        2x1d65    1%          6
 Orb of Destruction       Conj           57%        9d14      1%          7
 Spellforged Servitor     Conj/Summ      43%        N/A       1%          7
 Lehudib's Crystal Spear  Conj/Erth      69%        10d16     1%          8
 Cause Fear               Hex            19%        N/A       3%          4
 Summon Ice Beast         Ice/Summ       38%        N/A       3%          4
 Shatter                  Erth           69%        3d51*     4%          9
 Silence                  Hex/Air        23%        N/A       6%          5
 Simulacrum               Ice/Necr       34%        N/A       6%          6
 Metabolic Englaciation   Hex/Ice        19%        N/A       9%          5
 Dragon Form              Tmut           40%        N/A       11%         7
 Haunt                    Necr/Summ      34%        N/A       32%         7
 Storm Form               Tmut/Air       34%        N/A       32%         7
 Infestation              Necr           44%        N/A       32%         8
 Necromutation            Tmut/Necr      42%        N/A       45%         8
 Ozocubu's Refrigeration  Ice            19%        4d11      52%         7
 Chain Lightning          Conj/Air       45%        3d60      67%         9
 Enfeeble                 Hex            19%        N/A       93%         7
 Summon Hydra             Summ           19%        N/A       93%         7
 Death's Door             Necr           44%        N/A       99%         9
 Discord                  Hex            19%        N/A       100%        8
 Disjunction              Tloc           26%        N/A       100%        8
 Dragon's Call            Summ           19%        N/A       100%        9
 Sublimation of Blood     Necr           Unusable   N/A       N/A         2
 Statue Form              Tmut/Erth      Unusable   N/A       N/A         6

Dungeon Overview and Level Annotations

Branches:
Dungeon (15/15)            Temple (1/1) D:6            Lair (5/5) D:9
 Shoals (4/4) Lair:2       Spider (4/4) Lair:2        Slime (5/5) Lair:4
    Orc (2/2) D:11            Elf (3/3) Orc:2        Vaults (5/5) D:13
  Crypt (3/3) Vaults:2       Tomb (0/3) Crypt:3      Depths (4/4) D:15
   Hell (visited)             Zot (5/5) Depths:4    Ossuary (visited)
  IceCv (visited)          WizLab (visited)         Desolation (visited)
    Dis: Hell:1         Geh: Hell:1         Coc: Hell:1         Tar: Hell:1

Altars:
Ashenzari
Cheibriados
Dithmenos
Elyvilon
Fedhas
Gozag
Hepliaklqana
Kikubaaqudgha
Makhleb
Nemelex Xobeh
Okawaru
Qazlal
Ru
Sif Muna
Trog
Uskayaw
Vehumet
Wu Jian
Xom
Yredelemnul
Zin
The Shining One
Jiyva
Lugonu

Shops:
D:1 ?   Orc:2 :*[(   Shoals:4 [   Vaults:2 =   Vaults:3 =   Vaults:5 [
Depths:3 *   Depths:4 :=:

Portals:
Hell: Depths:1 Depths:2 Depths:3 Depths:4
Abyss: Depths:1 Depths:3 Depths:4
Pandemonium: Depths:2 Depths:4

Annotations:
D:7 exclusions: deep elf pyromancer and gnoll
Spider:4 3 runed translucent doors, 4 exclusions, Rod Caur's ghost, adept HOFi
Orc:1 1 transporter
Elf:2 4 runed translucent doors, PiratePeteNZ's ghost, journeyman HOFi
Crypt:2 2 transporters, Nyubb's ghost, veteran MiGl
Zot:5 2 exclusions


Innate Abilities, Weirdness & Mutations

You are immune to sickness and miasma.
Your stone body is resilient. (AC +20)
You are immune to poison.
Your large and strong wings let you fly.
You resist negative energy. (rN+)
You are resistant to electric shocks. (rElec)
You are resistant to unholy torment.
You are immune to petrification.
You have sharp toenails.
You are clumsy. (Dex -2)
Armour fits poorly on your strangely shaped body.
You expend magic power (3 MP) to strengthen your wands.


Message History

A daeva comes into view.
It is wielding a +2 scimitar of holy wrath and wearing a +1 tower shield of poison resistance.
Cast which spell? (? or * to list)
Aiming: Passwall (safe; 0% risk of failure)
Press: ? - help, Dir - move target A rock wall.
This square is covered in magical glow.
You feel a surge of power!
You begin to meditate on the wall.
You continue meditating on the rock.
HP restored.
You continue meditating on the rock.
You finish merging with the rock.
As you close the door, it creaks loudly!
Cast which spell? (? or * to list)
Aiming: Passwall (safe; 0% risk of failure)
Press: ? - help, Dir - move target A rock wall.
This square is covered in magical glow.
You feel a surge of power!
You begin to meditate on the wall.
You continue meditating on the rock. x3
Something unseen opens the door.
You finish merging with the rock.
The daeva calls down the wrath of the Shining One upon you.
The Shining One smites you!
Cast which spell? (? or * to list)
Aiming: Passwall (safe; 0% risk of failure)
Press: ? - help, Dir - move target A rock wall.
This square is covered in magical glow.
You feel a surge of power!
Something is blocking your path through the rock.
Unknown command.
Cast which spell? (? or * to list)
Aiming: Passwall (safe; 0% risk of failure)
Press: ? - help, Dir - move target A rock wall.
This square is covered in magical glow.
You feel a surge of power!
You begin to meditate on the wall.
You continue meditating on the rock.
The daeva calls down the wrath of the Shining One upon you.
The Shining One smites you!
You continue meditating on the rock. x2
You finish merging with the rock.
Cast which spell? (? or * to list)
Aiming: Passwall (safe; 0% risk of failure)
Press: ? - help, Dir - move target A rock wall.
This square is covered in magical glow.
You feel a surge of power!
You begin to meditate on the wall.
You continue meditating on the rock. x3
You finish merging with the rock.
Cast which spell? (? or * to list)
Aiming: Borgnjor's Vile Clutch (safe; 1% risk of failure)
Press: ? - help, Shift-Dir - straight line, f - cacodemon
Aim: a cacodemon (wandering, hasn't noticed you, 100% to hit)
You feel a surge of power!
Zombie hands grab the cacodemon.
The zombie hands constrict the cacodemon!
The cacodemon struggles to escape constriction.
Cast which spell? (? or * to list)
Aiming: Iron Shot (safe; 1% risk of failure)
Press: ? - help, Shift-Dir - straight line, f/p - cacodemon
Aim: a cacodemon (lightly wounded, constricted by zombie hands, 100% to hit)
You feel a surge of power!
The iron shot hits the cacodemon!!!!
The cacodemon is almost dead.
The zombie hands constrict the cacodemon!
You kill the cacodemon!
Vehumet accepts your kill.
You feel your power returning.
Cast which spell? (? or * to list)
Aiming: Passwall (safe; 0% risk of failure)
Press: ? - help, Dir - move target A rock wall.
This square is covered in magical glow.
You feel a surge of power!
You begin to meditate on the wall.
You continue meditating on the rock.
Seimmiurgh gestures.
Seimmiurgh flickers and vanishes for a moment.
You continue meditating on the rock.
You finish merging with the rock.
Press: ? - help, v - describe, . - travel
Here: Seimmiurgh (slightly transparent)
The floor.
Press: ? - help, v - describe, . - travel
Here: Seimmiurgh (slightly transparent)
The floor.
You feel yourself speed up. Seimmiurgh hits you but does no damage.
Cast which spell? (? or * to list)
You feel quick. Seimmiurgh closely misses you. Seimmiurgh gestures at you.
The freezing blast misses you.
There is a stone staircase leading up here.
You are engulfed in freezing vapours.
You resist.
You fly upwards.
There is a stone staircase leading down here.
An Orb Guardian comes into view.
The Orb Guardian moves out of view.
You start to feel a little slower.
There is a staircase back to the Dungeon here.
You feel sluggish.
You fly upwards.
Welcome back to the Dungeon!
There is a staircase to the Depths here.
Cast which spell? (? or * to list)
Aiming: Passwall (safe; 0% risk of failure)
Press: ? - help, Dir - move target A rock wall.
This square is covered in magical glow.
You feel a surge of power!
You begin to meditate on the wall.
You continue meditating on the rock. x2
You finish merging with the rock.
You start to feel a little faster.
Your extra speed is starting to run out.
You no longer feel sluggish.
You feel yourself slow down.
There is an open door here.
There is a stone staircase leading up here.
You fly upwards.
There is a stone staircase leading down here.
Items here: )) [[.
A Ceneak, a ynoxinul and an Ice Fiend come into view.
Press: ? - help, v - describe, . - travel The floor.
Unknown command.
Press: ? - help, v - describe, . - travel
Here: Ceneak The floor.
Press: ? - help, v - describe, . - travel
Here: Ceneak The floor.
Okay, then.
You feel yourself speed up.
The ynoxinul bellows!
Cast which spell? (? or * to list)
You feel quick.
Ceneak gestures.
Ceneak blinks!
The Ice Fiend calls on the powers of darkness!
Your body is wracked with pain!
Ceneak gestures.
Ceneak blinks!
The Ice Fiend gestures at you. The bolt of cold hits you. You resist.
Ceneak gestures.
Ceneak blinks!
The Ice Fiend completely misses you.
The Ice Fiend claws you but does no damage.
The Ice Fiend gestures at you.
The bolt of cold hits the ynoxinul!!
The ynoxinul resists.
The bolt of cold hits you. You resist.
The ynoxinul gestures.
There is a stone staircase leading up here.
You fly upwards.
There is a stone staircase leading down here.
Cast which spell? (? or * to list)
Aiming: Passwall (safe; 0% risk of failure)
Press: ? - help, Dir - move target A rock wall.
This square is covered in magical glow.
You feel a surge of power!
You begin to meditate on the wall.
You continue meditating on the rock. x3
Magic restored.
You continue meditating on the rock.
You finish merging with the rock.
There is an escape hatch in the ceiling here.
A mysterious force pulls you upwards. The hatch slams shut behind you.
(D) Dungeon (T) Temple (L) Lair (A) Shoals (N) Spider Nest (M) Slime Pits (O) Orcish Mines (E) Elven Halls (V) Vaults (C) Crypt (W) Tomb (U) Depths (H) Hell (Z) Zot
Where to? (Enter - D:14 @ (x,y), ? - help)
What level of the Dungeon? (default 1, ? - help)
Okay, then.
(D) Dungeon (T) Temple (L) Lair (A) Shoals (N) Spider Nest (M) Slime Pits (O) Orcish Mines (E) Elven Halls (V) Vaults (C) Crypt (W) Tomb (U) Depths (H) Hell (Z) Zot
Where to? (Enter - D:14 @ (x,y), ? - help)
What level of the Dungeon? (default 1, ? - help)
You start to feel a little slower. 5 hell hounds come into view.
Cast which spell? (? or * to list)
Aiming: Passwall (safe; 0% risk of failure)
Press: ? - help, Dir - move target A rock wall.
This square is covered in magical glow.
You feel a surge of power!
Your extra speed is starting to run out.
You begin to meditate on the wall.
You continue meditating on the rock.
HP restored.
You continue meditating on the rock.
You feel sluggish. The hell hound breathes flames at you.
The blast of flame hits the hell hound.
The hell hound completely resists.
The blast of flame hits you but does no damage.
The hell hound breathes flames at you. The blast of flame hits you. You resist.
You finish merging with the rock.
Cast which spell? (? or * to list)
Aiming: Passwall (safe; 0% risk of failure)
Press: ? - help, Dir - move target A rock wall.
This square is covered in magical glow.
You feel a surge of power!
You begin to meditate on the wall.
You continue meditating on the rock. x2
You finish merging with the rock.
You feel yourself slow down.
Cast which spell? (? or * to list)
Aiming: Passwall (safe; 0% risk of failure)
Press: ? - help, Dir - move target A rock wall.
This square is covered in magical glow.
You feel a surge of power!
You begin to meditate on the wall.
You continue meditating on the rock. x2
Magic restored.
You finish merging with the rock.
Cast which spell? (? or * to list)
Aiming: Passwall (safe; 0% risk of failure)
Press: ? - help, Dir - move target A rock wall.
This square is covered in magical glow.
You feel a surge of power!
You begin to meditate on the wall.
You continue meditating on the rock. x2
You finish merging with the rock.
You start to feel a little faster.
You no longer feel sluggish.
A blizzard demon comes into view.
There is a stone staircase leading up here.
You fly upwards.
A rust devil comes into view.
There is a stone staircase leading down here.
There is a stone staircase leading up here.
You fly upwards.
There is a stone staircase leading down here.
A shadow demon comes into view.
Cast which spell? (? or * to list)
Aiming: Iron Shot (safe; 1% risk of failure)
Press: ? - help, Shift-Dir - straight line, f - shadow demon
Aim: a shadow demon (77% to hit)
You feel a surge of power!
The iron shot hits the shadow demon!!!
You kill the shadow demon!
Vehumet accepts your kill.
Magic restored.
A ynoxinul comes into view.
There is a stone staircase leading up here.
The ynoxinul gestures.
You fly upwards.
There is a stone staircase leading down here.
Cast which spell? (? or * to list)
Aiming: Passwall (safe; 0% risk of failure)
Press: ? - help, Dir - move target A rock wall.
This square is covered in magical glow.
You feel a surge of power!
You begin to meditate on the wall.
You continue meditating on the rock. x2
Magic restored.
You continue meditating on the rock. x3
You finish merging with the rock.
Cast which spell? (? or * to list)
Aiming: Passwall (safe; 0% risk of failure)
Press: ? - help, Dir - move target A rock wall.
This square is covered in magical glow.
Okay, then.
Cast which spell? (? or * to list)
Aiming: Passwall (safe; 0% risk of failure)
Press: ? - help, Dir - move target A rock wall.
This square is covered in magical glow.
You feel a surge of power!
You begin to meditate on the wall.
You continue meditating on the rock. x6
You finish merging with the rock.
There is a stone staircase leading up here.
You fly upwards.
There is a stone staircase leading down here.
(D) Dungeon (T) Temple (L) Lair (A) Shoals (N) Spider Nest (M) Slime Pits (O) Orcish Mines (E) Elven Halls (V) Vaults (C) Crypt (W) Tomb (U) Depths (H) Hell (Z) Zot
Where to? (Enter - D:10 @ (x,y), ? - help)
What level of the Dungeon? (default 1, ? - help)
An Orb Guardian comes into view.
Cast which spell? (? or * to list)
Aiming: Iron Shot (safe; 1% risk of failure)
Press: ? - help, Shift-Dir - straight line, f - Orb Guardian
Aim: an Orb Guardian (75% to hit)
You feel a surge of power!
The iron shot hits the Orb Guardian!!!
The Orb Guardian is severely wounded.
Cast which spell? (? or * to list)
Aiming: Iron Shot (safe; 1% risk of failure)
Press: ? - help, Shift-Dir - straight line, f/p - Orb Guardian
Aim: an Orb Guardian (severely wounded, 75% to hit)
You feel a surge of power!
The iron shot hits the Orb Guardian!!!
You kill the Orb Guardian!
Vehumet accepts your kill.
You feel your power returning.
Cast which spell? (? or * to list)
Aiming: Passwall (safe; 0% risk of failure)
Press: ? - help, Dir - move target A rock wall.
This square is covered in magical glow.
You feel a surge of power!
You begin to meditate on the wall.
You continue meditating on the rock. x3
You finish merging with the rock.
(D) Dungeon (T) Temple (L) Lair (A) Shoals (N) Spider Nest (M) Slime Pits (O) Orcish Mines (E) Elven Halls (V) Vaults (C) Crypt (W) Tomb (U) Depths (H) Hell (Z) Zot
Where to? (Enter - D:1 @ (x,y), ? - help) Magic restored.
A green death comes into view.
Cast which spell? (? or * to list)
Aiming: Iron Shot (safe; 1% risk of failure)
Press: ? - help, Shift-Dir - straight line, f - green death
Aim: a green death (89% to hit)
You feel a surge of power!
The iron shot hits the green death!!!
The green death is severely wounded.
Cast which spell? (? or * to list)
Aiming: Iron Shot (safe; 1% risk of failure)
Press: ? - help, Shift-Dir - straight line, f/p - green death
Aim: a green death (severely wounded, 89% to hit)
You feel a surge of power!
The iron shot hits the green death!!!
You kill the green death!
Vehumet accepts your kill.
(D) Dungeon (T) Temple (L) Lair (A) Shoals (N) Spider Nest (M) Slime Pits (O) Orcish Mines (E) Elven Halls (V) Vaults (C) Crypt (W) Tomb (U) Depths (H) Hell (Z) Zot
Where to? (Enter - D:1 @ (x,y), ? - help)
There is a stone staircase leading up here.
You fly upwards.
Level annotation: exclusions: deep elf pyromancer and gnoll
There is a stone staircase leading down here.
A Pioqabovu, a tentacled monstrosity and a blizzard demon come into view.
Cast which spell? (? or * to list)
Aiming: Passwall (safe; 0% risk of failure)
Press: ? - help, Dir - move target A rock wall.
This square is covered in magical glow.
You feel a surge of power!
You begin to meditate on the wall.
You continue meditating on the rock. x2
You finish merging with the rock.
Cast which spell? (? or * to list)
Aiming: Passwall (safe; 0% risk of failure)
Press: ? - help, Dir - move target A rock wall.
This square is covered in magical glow.
You feel a surge of power!
You begin to meditate on the wall.
You continue meditating on the rock. x2
Magic restored.
You finish merging with the rock.
A lorocyproca comes into view.
There is a stone staircase leading up here.
You fly upwards.
There is a stone staircase leading down here.
A ynoxinul comes into view.
Cast which spell? (? or * to list)
Aiming: Iron Shot (safe; 1% risk of failure)
Press: ? - help, Shift-Dir - straight line, f - ynoxinul
Aim: a ynoxinul (82% to hit)
You feel a surge of power!
The iron shot hits the ynoxinul!!!
You kill the ynoxinul!
Vehumet accepts your kill.
You feel your power returning.
There is a stone staircase leading up here.
You fly upwards.
There is a stone staircase leading down here.
Cast which spell? (? or * to list)
Aiming: Passwall (safe; 0% risk of failure)
Press: ? - help, Dir - move target A rock wall.
This square is covered in magical glow.
You feel a surge of power!
You begin to meditate on the wall.
You continue meditating on the rock.
Magic restored.
You continue meditating on the rock.
You finish merging with the rock.
Cast which spell? (? or * to list)
Aiming: Passwall (safe; 0% risk of failure)
Press: ? - help, Dir - move target A rock wall.
This square is covered in magical glow.
You feel a surge of power!
You hear a grinding noise.
You begin to meditate on the wall.
You continue meditating on the rock.
You hear a grinding noise.
You continue meditating on the rock.
You finish merging with the rock.
You hear a grinding noise.
Cast which spell? (? or * to list)
Aiming: Passwall (safe; 0% risk of failure)
Press: ? - help, Dir - move target A rock wall.
This square is covered in magical glow.
You feel a surge of power!
You hear a grinding noise.
You begin to meditate on the wall.
You continue meditating on the rock. x3
You finish merging with the rock.
You hear a grinding noise.
You hear a grinding noise.
You hear a grinding noise.
Cast which spell? (? or * to list)
Aiming: Passwall (safe; 0% risk of failure)
Press: ? - help, Dir - move target A rock wall.
This square is covered in magical glow.
You feel a surge of power!
You begin to meditate on the wall.
You continue meditating on the rock. x2
You finish merging with the rock.
There is a stone staircase leading up here.
You fly upwards.
There is a stone staircase leading down here.
(D) Dungeon (T) Temple (L) Lair (A) Shoals (N) Spider Nest (M) Slime Pits (O) Orcish Mines (E) Elven Halls (V) Vaults (C) Crypt (W) Tomb (U) Depths (H) Hell (Z) Zot
Where to? (Enter - D:6 @ (x,y), ? - help)
What level of the Dungeon? (default 1, ? - help)
A demonspawn corrupter and a cacodemon come into view.
The cacodemon shouts!
There is a stone staircase leading up here.
You fly upwards.
There is a stone staircase leading down here.
(D) Dungeon (T) Temple (L) Lair (A) Shoals (N) Spider Nest (M) Slime Pits (O) Orcish Mines (E) Elven Halls (V) Vaults (C) Crypt (W) Tomb (U) Depths (H) Hell (Z) Zot
Where to? (Enter - D:1 @ (x,y), ? - help)
What level of the Dungeon? (default 1, ? - help)
An Orb Guardian comes into view.
Cast which spell? (? or * to list)
Aiming: Poisonous Vapours (safe; 1% risk of failure)
Press: ? - help, Dir - move target, f - Orb Guardian
Aim: an Orb Guardian Poisonous vapours surround the Orb Guardian!
The Orb Guardian looks as sick as possible!
Cast which spell? (? or * to list)
You ignite the poison in your surroundings!
The Orb Guardian seems to burn from within!!!
The Orb Guardian is almost dead.
Cast which spell? (? or * to list)
Aiming: Poisonous Vapours (safe; 1% risk of failure)
Press: ? - help, Dir - move target, f/p - Orb Guardian
Aim: an Orb Guardian (almost dead) Poisonous vapours surround the Orb Guardian!
The Orb Guardian looks as sick as possible!
Cast which spell? (? or * to list)
You ignite the poison in your surroundings!
The Orb Guardian seems to burn from within!!!!
You kill the Orb Guardian!
Vehumet accepts your kill.
You feel your power returning.
(D) Dungeon (T) Temple (L) Lair (A) Shoals (N) Spider Nest (M) Slime Pits (O) Orcish Mines (E) Elven Halls (V) Vaults (C) Crypt (W) Tomb (U) Depths (H) Hell (Z) Zot
Where to? (Enter - D:1 @ (x,y), ? - help) Magic restored.
Key pressed, stopping travel.
Unknown command.
Cast which spell? (? or * to list)
Aiming: Passwall (safe; 0% risk of failure)
Press: ? - help, Dir - move target A rock wall.
This square is covered in magical glow.
You feel a surge of power!
You begin to meditate on the wall.
You continue meditating on the rock. x3
You finish merging with the rock.
Cast which spell? (? or * to list)
Aiming: Passwall (safe; 0% risk of failure)
Press: ? - help, Dir - move target A rock wall.
This square is covered in magical glow.
You feel a surge of power!
You begin to meditate on the wall.
You continue meditating on the rock. x2
You finish merging with the rock.
Cast which spell? (? or * to list)
Aiming: Passwall (safe; 0% risk of failure)
Press: ? - help, Dir - move target A rock wall.
This square is covered in magical glow.
You feel a surge of power!
You begin to meditate on the wall.
You continue meditating on the rock. x3
You finish merging with the rock.
The ynoxinul gestures.
There is a stone staircase leading up here.
The ufetubus hits you but does no damage.
The ufetubus barely misses you.
You fly upwards.
There is a stone staircase leading down here.
(D) Dungeon (T) Temple (L) Lair (A) Shoals (N) Spider Nest (M) Slime Pits (O) Orcish Mines (E) Elven Halls (V) Vaults (C) Crypt (W) Tomb (U) Depths (H) Hell (Z) Zot
Where to? (Enter - D:1 @ (x,y), ? - help)
What level of the Dungeon? (default 1, ? - help)
There is a stone staircase leading up here.
You fly upwards.
There is a stone staircase leading down here.
There is an open door here.
There is a staircase leading out of the dungeon here.
You have escaped!

###########
#.........#
###...###...#
##.'...#.#.@.#
#..#...###...#####
#.##.........#...#
#####.############..##
#.............###...#
#.######...##.......#
##.# #.#.######...#
...# #............#
##.# ###.######.#.#


There were no monsters in sight!

Vanquished Creatures
  the Royal Jelly (Slime:5)
  Dissolution (Slime:4)
  4 dread liches
  Tiamat (Zot:1)
  3 orbs of fire (Zot:5)
  5 ancient liches
  Mennas (Depths:4)
  A pandemonium lord (Zig:9)
  6 Killer Klowns
  Vv (Zot:1)
  Geryon (Hell)
  6 caustic shrikes
  6 golden dragons
  Nikola (Shoals:1)
  3 bone dragons
  Arachne (Spider:3)
  An electric golem (Zot:5)
  A walking crystal tome (Depths:3)
  Jorgrun (Shoals:1)
  12 tentacled monstrosities
  4 liches
  Mlioglotl (Shoals:4)
  A tainted leviathan (Zig:4)
  25 Orb Guardians
  Asterion (Spider:3)
  2 deep elf blademasters (Elf:3)
  A quicksilver dragon (Zig:1)
  5 deep elf master archers
  Polyphemus (Shoals:3)
  17 acid blobs
  A walking divine tome (Zig:11)
  5 titans
  5 death cobs
  The ghost of cfbundy the Severer, an adept FoFi of the Shining One (Spider:3)
  Kirke (Spider:1)
  Gastronok (Lair:1)
  5 sphinxes
  11 shadow dragons
  11 ancient champions
  Roxanne (Spider:3)
  8 tengu reavers
  3 revenants
  9 storm dragons
  6 draconian monks
  9 fire giants
  Donald (Spider:1)
  6 azure jellies
  The ghost of Witt the Fighter, an adept GrFi of Ashenzari (Shoals:2)
  14 rockslimes
  2 draconian scorchers
  4 deep elf sorcerers
  2 iron dragons
  8 frost giants
  6 emperor scorpions
  5 draconian knights
  4 curse skulls
  19 vault wardens
  4 orc warlords
  2 juggernaut zombies
  Aizul (Spider:4)
  5 deep elf elementalists (Elf:3)
  10 ghouls
  A cacodemon (Depths:2)
  19 ironbound preservers
  7 draconian stormcallers
  7 ghost moths
  2 war gargoyles
  10 stone giants
  A reaper (Hell)
  A caustic shrike zombie (Crypt:1)
  6 draconian annihilators
  11 quicksilver oozes
  5 draconian shifters
  A broodmother (Zig:5)
  A caustic shrike skeleton (Crypt:3)
  8 vampire knights
  2 spriggan defenders (Depths:3)
  10 very ugly things
  5 ironbound thunderhulks
  7 deep elf annihilators
  5 deep elf demonologists
  9 red draconians
  2 putrid mouths (Zig:4)
  11 purple draconians
  A halazid warlock (Desolation)
  Azrael (D:12)
  A lorocyproca (Depths:4)
  2 bennus (Zig:8)
  10 black draconians
  14 dire elephants
  10 green draconians
  A dire elephant (shapeshifter) (Zig:9)
  10 spark wasps
  11 white draconians
  10 eidola
  A blizzard demon (Hell)
  9 yellow draconians
  2 quicksilver dragon zombies
  9 merfolk impalers
  Snorg (D:13)
  A mummy priest (Zig:8)
  17 jiangshi
  5 fire dragons
  Josephine (D:12)
  6 entropy weavers
  9 ettins
  13 deep elf death magi
  A green death (D:8)
  2 crystal guardians (Desolation)
  A fire dragon (shapeshifter) (D:15)
  5 merfolk javelineers (Shoals:4)
  3 spriggan zombies (Crypt:3)
  4 deep elf high priests
  9 ice dragons
  2 spectral spriggans (Crypt:3)
  38 vault guards
  17 yaktaur captains
  6 hydras
  7 ragged hierophants (Desolation)
  A rakshasa (Depths:3)
  Erolcha (D:11)
  5 jorogumos
  A radroach (Spider:4)
  14 servants of whispers (Desolation)
  A hell beast (Depths:2)
  18 peacekeepers
  10 great orbs of eyes
  14 ironbound frosthearts
  2 catoblepae
  3 merfolk avatars
  2 spriggan air magi
  4 two-headed ogres
  9 centaur warriors
  A fenstrider witch skeleton (Crypt:2)
  An ogre mage (Vaults:5)
  10 merfolk aquamancers
  A boulder beetle (shapeshifter) (Vaults:5)
  16 dancing weapons
  A naga warrior (Abyss:1)
  5 boulder beetles
  6 deep troll shamans
  3 satyrs
  11 death yaks
  2 hell hogs
  Urug (Lair:5)
  A death scarab (Zig:8)
  A thrashing horror (Abyss:3)
  4 deep troll earth magi
  A spectral naga (Crypt:3)
  14 vampire magi
  25 hell knights
  3 orc high priests (Orc:2)
  8 tengu warriors
  A titan skeleton (Zig:8)
  5 spriggan berserkers
  25 skeletal warriors
  12 soul eaters
  8 skysharks
  4 sun demons
  A salamander mystic (Depths:1)
  4 wretched stars
  A crystal echidna (Depths:1)
  5 pharaoh ants
  5 sun moths
  20 sea snakes
  8 deep elf knights
  7 iron trolls
  2 shadow wraiths
  5 glowing orange brains
  47 deep trolls
  A quicksilver dragon simulacrum (Depths:2)
  5 bog bodies
  A death drake (shapeshifter) (Vaults:5)
  4 flayed ghosts
  A death drake (Depths:2)
  A bunyip skeleton (Crypt:1)
  A lindwurm (shapeshifter) (Zig:9)
  9 orb spiders
  2 bunyip zombies
  9 wizards
  A shadow demon (D:10)
  2 orb spiders (shapeshifter)
  13 deep elf archers
  11 orc knights
  An orange crystal statue (Vaults:4)
  2 steelbarb worms (shapeshifter)
  A spriggan simulacrum (Crypt:3)
  22 ironbound convokers
  6 lindwurms
  A steelbarb worm (Spider:1)
  15 necromancers
  7 phantasmal warriors
  A golden dragon skeleton (Crypt:3)
  A spectral ettin (Crypt:3)
  14 starcursed masses
  35 deep elf pyromancers
  24 deep elf zephyrmancers
  10 cyclopes
  17 harpies
  A stone giant zombie (Crypt:1)
  A shadow dragon skeleton (Crypt:3)
  A fire giant zombie (Zig:8)
  A shining eye (shapeshifter) (Zig:9)
  7 shining eyes
  20 wolf spiders
  7 orc sorcerers
  3 salamanders (Depths:1)
  2 oklob plants (Depths:2)
  A spectral alligator snapping turtle (Crypt:3)
  29 ugly things
  A wolf spider (shapeshifter) (Zig:9)
  21 manticores
  3 fauns (Shoals:4)
  6 merfolk sirens
  A goliath frog skeleton (Crypt:2)
  29 moths of wrath
  3 rust devils
  2 ice statues (IceCv)
  4 guardian serpents
  A dire elephant zombie (Crypt:1)
  An orange demon (Depths:2)
  3 black mambas
  An apocalypse crab (Zig:9)
  14 elephants
  19 vault sentinels
  5 water nymphs
  A torpor snail (shapeshifter) (Elf:3)
  A centaur skeleton (Crypt:3)
  2 unseen horrors
  An eye of devastation (shapeshifter) (Zig:9)
  8 demonic crawlers
  A gargoyle (D:12)
  3 torpor snails
  3 molten gargoyles
  A dire elephant skeleton (Crypt:3)
  An unseen horror zombie (Crypt:2)
  15 cane toads
  A hellion (Hell)
  4 smoke demons
  9 komodo dragons
  6 freezing wraiths
  An alligator snapping turtle skeleton (Crypt:3)
  9 rime drakes
  13 yaktaurs
  An efreet (D:15)
  A white draconian zombie (Crypt:2)
  3 kobold demonologists (D:11)
  5 tormentors
  A catoblepas zombie (Crypt:2)
  6 ice devils
  3 anaconda simulacra (IceCv)
  3 tengu conjurers
  An unseen horror skeleton (Crypt:1)
  A harpy zombie (Crypt:3)
  6 ancient zymes
  9 trolls
  A queen bee (Abyss:3)
  3 guardian mummies (Zig:8)
  6 hornets
  A green draconian skeleton (Crypt:1)
  10 meliai
  21 tarantellas
  3 polar bears (Lair:5)
  A mana viper skeleton (Crypt:3)
  13 wind drakes
  44 merfolk
  98 saltlings
  A hydra skeleton (Crypt:3)
  3 harpy skeletons
  2 merfolk (shapeshifter)
  A culicivora zombie (Crypt:1)
  19 blink frogs
  3 ettin zombies
  29 dream sheep
  A human simulacrum (Vaults:2)
  20 jumping spiders
  An iron dragon simulacrum (Crypt:3)
  5 large abominations
  13 snapping turtles
  2 ettin skeletons
  23 culicivoras
  A jumping spider (shapeshifter) (D:14)
  22 water elementals
  66 slime creatures
  A centaur simulacrum (Crypt:3)
  8 flying skulls
  6 air elementals
  A culicivora (shapeshifter) (Zig:9)
  4 wyverns
  2 dire elephant simulacra (IceCv)
  4 vampires (WizLab)
  6 fire elementals
  9 wraiths
  2 ynoxinuls
  2 fire bats (Abyss:3)
  3 golden eyes
  2 hogs (Spider:1)
  65 yaks
  47 redbacks
  10 vampire mosquitoes
  2 basilisks
  2 neqoxecs (Zig:11)
  2 chaos spawn
  Edmund (D:4)
  A two-headed ogre zombie (WizLab)
  An elf skeleton (Vaults:2)
  3 wargs (D:9)
  A naga (Abyss:1)
  An entropy weaver zombie (Vaults:2)
  2 harpy simulacra (IceCv)
  A water moccasin (shapeshifter) (Vaults:5)
  2 acid dragons
  8 water moccasins
  5 hell hounds
  3 hydra simulacra (IceCv)
  4 swamp drakes (Depths:2)
  A floating eye (Depths:3)
  3 ice beasts (D:6)
  A water nymph skeleton (Crypt:3)
  3 black bears
  2 sky beasts
  A lindwurm zombie (Crypt:1)
  55 orc warriors
  2 deep troll simulacra
  A merfolk simulacrum (Crypt:1)
  5 boggarts (Vaults:2)
  A lindwurm skeleton (Crypt:2)
  An ettin simulacrum (Crypt:3)
  9 ogres
  4 wolves (Lair:2)
  A swamp dragon zombie (Crypt:3)
  10 centaurs
  2 elf zombies (D:4)
  9 bullfrogs
  7 kobold brigands
  3 scorpions
  5 necrophages
  2 two-headed ogre simulacra (IceCv)
  A cane toad simulacrum (IceCv)
  4 gnoll sergeants (D:11)
  7 earth elementals
  13 wights
  A water moccasin skeleton (Crypt:3)
  11 killer bees
  9 troll zombies (WizLab)
  A polar bear skeleton (Crypt:1)
  2 electric eels (Lair:4)
  7 howler monkeys
  A shapeshifter skeleton (Crypt:2)
  A small abomination (Abyss:2)
  4 crimson imps (D:7)
  5 centaur zombies
  2 quasits
  A gnoll bouda (D:7)
  28 orc priests
  2 hounds
  A human zombie (Crypt:1)
  6 jellies
  Crazy Yiuf (D:2)
  A black bear skeleton (Crypt:3)
  2 human skeletons (D:4)
  4 iguanas
  Natasha (thrice) (D:2)
  33 orc wizards
  A boggart skeleton (Crypt:3)
  4 ogre zombies
  A deep dwarf skeleton (Crypt:1)
  A hound zombie (D:3)
  13 mummies
  12 adders
  6 gnolls (D:11)
  2 shadow imps (D:7)
  A swamp drake skeleton (Crypt:2)
  A white imp (D:7)
  2 ufetubi (D:5)
  3 adder skeletons (D:3)
  3 adder zombies
  3 worms
  4 dart slugs
  121 orcs
  6 ball pythons
  A bat skeleton (Crypt:2)
  7 endoplasms
  5 giant cockroaches
  3 goblins
  3 hobgoblins (D:2)
  4 jackals
  27 kobolds
  2 quokkas
  11 bats
  An endoplasm zombie (Crypt:3)
  9 frilled lizards
  A goblin skeleton (D:6)
  7 goblin zombies
  5 hobgoblin zombies
  A jackal skeleton (D:3)
  A kobold skeleton (D:6)
  6 kobold zombies
  2 orc skeletons (D:4)
  An orc zombie (D:6)
  6 quokka zombies (Ossuary)
  7 rats
  4 rat zombies (Ossuary)
  A butterfly (D:6)
2744 creatures vanquished.

Vanquished Creatures (collateral kills)
  A royal mummy (Zig:8)
  A bone dragon (Zig:10)
  A walking divine tome (Depths:3)
  A draconian monk (Zot:4)
  A ghoul (Zig:10)
  A yellow draconian (Zot:4)
  A thrashing horror (Zig:11)
  A meliai (Abyss:3)
  A foxfire (D:3)
9 creatures vanquished.

Vanquished Creatures (others)
  A vampire knight (Depths:1)
  A human (Spider:1)
  12 demonic plants (D:11)
  85 fire vortices
  1001 foxfires
  31 fungi
  130 plants
1261 creatures vanquished.

Grand Total: 4014 creatures vanquished

Notes
Turn   | Place    | Note
-------+----------+-------------------------------------------
     0 | D:1      | jagoly the Gargoyle Fire Elementalist began the quest for
                  | the Orb.
     0 | D:1      | Reached XP level 1. HP: 10/10 MP: 3/3
   286 | D:1      | Reached XP level 2. HP: 15/15 MP: 3/5
   596 | D:1      | Found Yrinan's Magic Scroll Shoppe.
   967 | D:1      | Reached XP level 3. HP: 19/19 MP: 3/6
  1300 | D:1      | Bought a scroll of teleportation for 33 gold pieces
  1654 | D:2      | Reached XP level 4. HP: 24/24 MP: 3/7
  1759 | D:2      | Found a runed translucent door.
  1760 | D:2      | Noticed Crazy Yiuf
  1918 | D:2      | Learned a level 2 spell: Scorch
  1955 | D:2      | Noticed Natasha
  2301 | D:2      | HP: 1/24 [cerulean imp/+2 spear[Natasha] (1)]
  2302 | D:2      | Killed Natasha
  2636 | D:2      | Noticed Natasha
  2869 | D:3      | Reached XP level 5. HP: 28/28 MP: 5/9
  3425 | D:3      | Found a faded altar of an unknown god.
  3733 | D:3      | Found a basalt altar of Yredelemnul.
  3738 | D:3      | Found an ornate altar of the Wu Jian Council.
  4004 | D:2      | Killed Natasha
  4005 | D:2      | Reached XP level 6. HP: 32/32 MP: 7/11
  4045 | D:2      | Killed Crazy Yiuf
  4169 | D:2      | Noticed Natasha
  4174 | D:2      | Killed Natasha
  4293 | D:1      | Bought a scroll of identify for 22 gold pieces
  4513 | D:4      | Learned a level 4 spell: Flame Wave
  4633 | D:4      | Noticed Edmund
  4640 | D:4      | Killed Edmund
  4641 | D:4      | Reached skill level 5 in Fire Magic
  4641 | D:4      | Reached XP level 7. HP: 27/36 MP: 0/12
  4752 | D:4      | Found a sand-covered staircase.
  4764 | D:4      | Reached skill level 5 in Conjurations
  4785 | Ossuary  | Entered an ossuary
  5433 | Ossuary  | Reached XP level 8. HP: 41/41 MP: 10/13
  6120 | D:5      | Entered Level 5 of the Dungeon
  6157 | D:5      | Found a shimmering blue altar of Sif Muna.
  6271 | D:5      | Noticed a two-headed ogre
  6281 | D:5      | Killed a two-headed ogre
  6282 | D:5      | Reached XP level 9. HP: 25/45 MP: 4/14
  6447 | D:5      | Reached skill level 1 in Fighting
  6772 | D:5      | Found a sacrificial altar of Ru.
  7163 | D:1      | Bought a scroll of summoning for 104 gold pieces
  7169 | D:1      | Bought a scroll of identify for 22 gold pieces
  7169 | D:1      | Bought a scroll of identify for 22 gold pieces
  7756 | D:6      | Found a staircase to the Ecumenical Temple.
  7775 | Temple   | Entered the Ecumenical Temple
  7933 | D:6      | Found a hide-covered altar of Uskayaw.
  7997 | D:6      | Found a glowing golden altar of the Shining One.
  8172 | D:6      | Found a radiant altar of Vehumet.
  8178 | D:6      | Became a worshipper of Vehumet
  8322 | D:7      | Got the Precepts of Bright Curses
  8403 | D:7      | Found a shimmering altar of Xom.
  8432 | D:7      | Reached XP level 10. HP: 32/58 MP: 16/16
  8559 | D:7      | Reached skill level 5 in Fighting
  8629 | D:7      | Noticed a deep elf pyromancer
  8833 | D:7      | You fall into a shaft and drop 1 floor!
  8867 | D:8      | Identified the +11 long sword of Cataclysm {freeze, MP+9}
  8899 | D:8      | Reached * piety under Vehumet
  8899 | D:8      | Offered knowledge of Shock by Vehumet.
  9138 | D:7      | Found a shadowy altar of Dithmenos.
  9155 | D:7      | Reached skill level 10 in Conjurations
  9176 | D:7      | Learned a level 2 spell: Poisonous Vapours
  9304 | D:7      | Identified a scroll of acquirement
  9305 | D:7      | Acquired Asmodeus's Compilation of Destruction
 10130 | D:9      | Reached skill level 1 in Armour
 10216 | D:9      | Offered knowledge of Sandblast by Vehumet.
 10216 | D:9      | Reached ** piety under Vehumet
 10218 | D:9      | Reached XP level 11. HP: 65/65 MP: 13/18
 10219 | D:9      | Reached skill level 5 in Spellcasting
 10227 | D:9      | Noticed a two-headed ogre
 10233 | D:9      | Killed a two-headed ogre
 10390 | D:9      | Found a staircase to the Lair.
 10604 | D:10     | Entered Level 10 of the Dungeon
 10641 | D:10     | Offered knowledge of Stone Arrow by Vehumet.
 10808 | D:10     | Found a white marble altar of Elyvilon.
 10833 | D:10     | Reached *** piety under Vehumet
 10839 | D:10     | Learned a level 3 spell: Stone Arrow
 10911 | D:10     | Reached skill level 1 in Earth Magic
 10918 | D:10     | Reached skill level 10 in Fire Magic
 10947 | D:10     | Found a stormy altar of Qazlal.
 11084 | D:10     | Learned a level 5 spell: Fireball
 11091 | D:11     | Offered knowledge of Ignite Poison by Vehumet.
 11103 | D:11     | Learned a level 3 spell: Ignite Poison
 11194 | D:11     | Found a corrupted altar of Lugonu.
 11221 | D:11     | Noticed a sun demon
 11254 | D:11     | Reached skill level 1 in Poison Magic
 11361 | D:11     | Reached skill level 1 in Transmutations
 11361 | D:11     | Reached skill level 1 in Air Magic
 11377 | D:11     | Reached XP level 12. HP: 73/73 MP: 18/22
 11472 | D:11     | Reached **** piety under Vehumet
 11627 | D:11     | Noticed Erolcha
 11634 | D:11     | Killed Erolcha
 11720 | D:11     | Offered knowledge of Iskenderun's Battlesphere by Vehumet.
 11906 | D:11     | Found a staircase to the Orcish Mines.
 12014 | D:11     | Learned a level 4 spell: Olgreb's Toxic Radiance
 12052 | Orc:1    | Entered Level 1 of the Orcish Mines
 12142 | Orc:1    | Noticed an orc warlord
 12150 | Orc:1    | Killed an orc warlord
 12459 | Orc:1    | Found a transporter.
 12554 | Orc:1    | Reached ***** piety under Vehumet
 12561 | Orc:1    | Offered knowledge of Ozocubu's Refrigeration by Vehumet.
 12658 | Orc:1    | Reached skill level 5 in Poison Magic
 12723 | Orc:1    | Noticed a stone giant
 12771 | Orc:2    | Entered Level 2 of the Orcish Mines
 13305 | Orc:2    | Found a staircase to the Elven Halls.
 13496 | Orc:2    | Learned a level 6 spell: Starburst
 13553 | Orc:2    | Noticed an orc high priest
 13555 | Orc:2    | Reached skill level 10 in Spellcasting
 13555 | Orc:2    | Reached XP level 13. HP: 56/78 MP: 27/27
 13566 | Orc:2    | Offered knowledge of Spellforged Servitor by Vehumet.
 13579 | Orc:2    | Noticed an orc warlord
 13584 | Orc:2    | Killed an orc warlord
 13752 | Orc:2    | Reached skill level 1 in Shields
 13773 | Orc:2    | Found Zaib's Antique Armour Shop.
 13774 | Orc:2    | Found Rucza's Antique Weapon Boutique.
 13776 | Orc:2    | Found Yrunisish's General Store.
 13776 | Orc:2    | Found Cinoilem's Book Shop.
 13962 | Lair:1   | Entered Level 1 of the Lair of Beasts
 14257 | Lair:1   | Noticed Gastronok
 14265 | Lair:1   | Killed Gastronok
 14973 | Lair:2   | Offered knowledge of Orb of Destruction by Vehumet.
 14978 | Lair:2   | Gained mutation: Your large and strong wings let you fly.
                  | [Gargoyle growth]
 14978 | Lair:2   | Reached XP level 14. HP: 84/84 MP: 16/29
 14986 | Lair:2   | Learned a level 7 spell: Orb of Destruction
 15012 | Lair:2   | Found a hole to the Spider Nest.
 15053 | Lair:2   | Identified the +0 ring mail of the Dice {Harm Rampage rPois
                  | Int-3}
 15191 | Lair:2   | Found a staircase to the Shoals.
 16278 | Lair:4   | Found a staircase to the Slime Pits.
 16494 | Lair:4   | Identified the +0 leather armour of the Volcano {*Corrode
                  | rN+ Str-4 Int+7}
 17101 | Lair:5   | Entered Level 5 of the Lair of Beasts
 17106 | Lair:5   | Offered knowledge of Yara's Violent Unravelling by Vehumet.
 17192 | Lair:5   | Reached skill level 15 in Conjurations
 17412 | Lair:5   | Reached XP level 15. HP: 88/88 MP: 32/32
 17429 | Lair:5   | Found a frozen archway.
 17486 | Lair:5   | Reached skill level 5 in Shields
 17547 | IceCv    | Entered an ice cave
 17768 | IceCv    | Reached skill level 5 in Dodging
 17776 | IceCv    | Reached skill level 5 in Armour
 17882 | IceCv    | Offered knowledge of Eringya's Noxious Bog by Vehumet.
 18028 | Lair:5   | Learned a level 6 spell: Eringya's Noxious Bog
 18271 | Lair:5   | Noticed Urug
 18279 | Lair:5   | Killed Urug
 18282 | Lair:5   | Reached ****** piety under Vehumet
 18283 | Lair:5   | Reached skill level 10 in Fighting
 18526 | Lair:5   | Found the +2 hat of the Bear Spirit {Spirit, Bear, *Rage
                  | Will++}
 18541 | Lair:5   | Identified the amulet "Tuiw" {Spirit rElec SInv}
 18555 | Lair:5   | Got Sif Muna's Secrets of the Overcast Dead
 19182 | D:12     | Noticed Josephine
 19187 | D:12     | Killed Josephine
 19461 | D:12     | Offered knowledge of Iron Shot by Vehumet.
 19470 | D:12     | Learned a level 6 spell: Iron Shot
 19780 | D:12     | Noticed Azrael
 19971 | D:13     | Noticed Snorg
 19977 | D:13     | Killed Snorg
 20112 | D:13     | Reached XP level 16. HP: 97/97 MP: 33/33
 20239 | D:13     | Found a gate to the Vaults.
 21039 | D:14     | Reached skill level 5 in Earth Magic
 21459 | D:15     | Entered Level 15 of the Dungeon
 21866 | D:15     | Offered knowledge of Ignition by Vehumet.
 22156 | D:15     | Found a staircase to the Depths.
 22435 | Shoals:1 | Entered Level 1 of the Shoals
 22435 | Shoals:1 | Noticed Jorgrun
 22439 | Shoals:1 | Killed Jorgrun
 22855 | Shoals:1 | Reached skill level 15 in Spellcasting
 22874 | Shoals:1 | Noticed Nikola
 22890 | Shoals:1 | Killed Nikola
 23441 | Shoals:2 | Found a transporter.
 23442 | Shoals:2 | Noticed Witt's ghost (adept GrFi)
 23506 | Shoals:2 | Reached XP level 17. HP: 102/102 MP: 36/36
 23515 | Shoals:2 | Learned a level 8 spell: Ignition
 23759 | Shoals:2 | Found a transporter.
 23776 | Shoals:2 | Killed Witt's ghost
 23802 | Shoals:2 | Identified the +0 pair of boots of a bailey {*Corrode *Slow
                  | rC+ Int+4}
 24175 | Shoals:3 | Noticed Polyphemus
 24181 | Shoals:3 | Killed Polyphemus
 24187 | Shoals:3 | Reached skill level 5 in Stealth
 25006 | Shoals:4 | Entered Level 4 of the Shoals
 25015 | Shoals:4 | Offered knowledge of Lehudib's Crystal Spear by Vehumet.
 25015 | Shoals:4 | Offered knowledge of Shatter by Vehumet.
 25015 | Shoals:4 | Offered knowledge of Chain Lightning by Vehumet.
 25312 | Shoals:4 | Found Lodbrok's Dragon-Slaying Spoils.
 25392 | Shoals:4 | Identified the +2 chain mail "Xogg" {Str+2 Int+3 Dex-2}
 25401 | Shoals:4 | Noticed Mlioglotl
 25405 | Shoals:4 | Killed Mlioglotl
 25493 | Shoals:4 | Reached skill level 15 in Fire Magic
 25493 | Shoals:4 | Reached XP level 18. HP: 67/107 MP: 38/38
 25683 | Shoals:4 | Got a barnacled rune of Zot
 25720 | Shoals:4 | Identified the ring of the Ancients {Ice Fly rCorr}
 25965 | D:12     | Killed Azrael
 26105 | Vaults:1 | Entered Level 1 of the Vaults
 26278 | Vaults:1 | Acquired 1060 gold pieces
 26638 | Vaults:1 | Identified the +9 trident of the People {speed, Fly rN+}
 27401 | Vaults:2 | Reached XP level 19. HP: 113/113 MP: 39/39
 27670 | Vaults:2 | Found a staircase to the Crypt.
 27851 | Vaults:2 | Found Galicit's Jewellery Shoppe.
 28177 | Vaults:2 | Paralysed by a great orb of eyes for 2 turns
 29229 | Vaults:3 | Found Zunuaps's Jewellery Shoppe.
 29738 | Vaults:4 | Reached skill level 10 in Poison Magic
 29841 | Vaults:4 | Reached XP level 20. HP: 122/122 MP: 40/40
 29989 | Vaults:4 | Found a gateway to a bazaar.
 31020 | Bazaar   | Entered a bazaar
 31020 | Bazaar   | Found Micup's Antique Weapon Shoppe.
 31020 | Bazaar   | Found Vot Zaob's Jewellery Emporium.
 31022 | Bazaar   | Found Dyokluzy's Distillery.
 31038 | Bazaar   | Found Yling's Antique Weapon Emporium.
 31060 | Bazaar   | Bought a potion of curing for 33 gold pieces
 31060 | Bazaar   | Bought a potion of heal wounds for 55 gold pieces
 31060 | Bazaar   | Bought a potion of brilliance for 44 gold pieces
 31060 | Bazaar   | Bought a potion of heal wounds for 55 gold pieces
 31060 | Bazaar   | Bought 2 potions of brilliance for 88 gold pieces
 31060 | Bazaar   | Bought a potion of mutation for 88 gold pieces
 31074 | Bazaar   | Bought a slimy sling for 130 gold pieces
 31074 | Bazaar   | Identified the +4 sling of Pyromania {flame, rCorr} (You
                  | bought it in a shop in a bazaar)
 31084 | Bazaar   | Bought a scorched long sword for 229 gold pieces
 31084 | Bazaar   | Identified the +6 long sword of Wuijut Zecwe {vamp, rElec
                  | Dex+6 SInv} (You bought it in a shop in a bazaar)
 31090 | Bazaar   | Bought a ring of protection from fire for 300 gold pieces
 31363 | Orc:2    | Bought a book of Transfigurations for 560 gold pieces
 31369 | Orc:2    | Learned a level 5 spell: Irradiate
 31510 | Elf:1    | Entered Level 1 of the Elven Halls
 31829 | Elf:1    | Reached skill level 5 in Transmutations
 32945 | Elf:2    | Found a crumbling gateway.
 32957 | Elf:2    | Reached skill level 15 in Fighting
 33021 | Desolati | Entered the Desolation of Salt
 33131 | Desolati | Reached skill level 1 in Evocations
 33206 | Desolati | Reached XP level 21. HP: 130/134 MP: 35/41
 33432 | Desolati | Identified the -1 kite shield of Experimentation {rF++}
 33506 | Desolati | Identified the +7 arbalest of the Beast {speed, Will+
                  | Str+3}
 33630 | Desolati | Got Lehudib's Octavo of the Mantle
 33636 | Desolati | Identified the ring of Pessimism {Wiz rElec Will++}
 33653 | Desolati | Found the +3 greatsling "Punk" {acid, rCorr}
 33763 | Desolati | Identified the ring of Zuppiew {rC+ Int+4}
 33778 | Desolati | Got the Codex of Blasts
 34175 | Elf:2    | Paralysed by an air elemental for 1 turns
 34253 | Elf:2    | Noticed PiratePeteNZ's ghost (journeyman HOFi)
 34255 | Elf:2    | Found a runed translucent door.
 34457 | Elf:2    | Found a runed translucent gate.
 34458 | Elf:2    | Found a runed translucent gate.
 34459 | Elf:2    | Found a runed translucent gate.
 34581 | Elf:3    | Entered Level 3 of the Elven Halls
 35551 | Elf:3    | Identified the +0 scale mail of the Fiddle {Str+3 Slay+3}
 35620 | Elf:3    | Identified the +2 buckler of Boredom {rElec rC++}
 35650 | Elf:3    | Identified the +7 long sword of Igoc {protect, rElec rC+
                  | Dex+3}
 35653 | Elf:3    | Identified the +0 leather armour of Birdsong {Rampage
                  | *Corrode +Inv Stlth+}
 35670 | Elf:3    | Got the Quarto of Deathly Firn
 35673 | Elf:3    | Identified the +8 morningstar of Purpose {distort, rN+}
 35678 | Elf:3    | Identified the staff of death "Genim" {rN+ Str+4 Int+4
                  | Dex-4}
 35686 | Elf:3    | Identified the +4 quarterstaff of Naig {protect, rElec rF+
                  | rCorr Int+2}
 35687 | Elf:3    | Identified the staff of poison "Nymybuk" {rPois rCorr Dex+4
                  | Stlth+}
 35690 | Elf:3    | Identified the staff of air "Jicomnou" {rElec Str+2}
 35705 | Elf:3    | Identified the +4 ring mail of the Gate {rElec}
 35881 | Orc:2    | Bought a translucent rapier for 225 gold pieces
 35881 | Orc:2    | Identified the +6 rapier of Nianurog {protect, rPois Str+3}
                  | (You bought it in a shop on level 2 of the Orcish Mines)
 35945 | Orc:2    | Bought a book of Air for 308 gold pieces
 36128 | Spider:1 | Entered Level 1 of the Spider Nest
 36182 | Spider:1 | Reached XP level 22. HP: 140/140 MP: 44/44
 36243 | Spider:1 | Noticed Kirke
 36261 | Spider:1 | Killed Kirke
 36403 | Spider:1 | Noticed Donald
 36406 | Spider:1 | Killed Donald
 37096 | Spider:2 | Reached skill level 10 in Earth Magic
 37643 | Spider:3 | Identified Roxanne's Dissertation on Cleavage
 37643 | Spider:3 | Noticed Roxanne
 37650 | Spider:3 | Killed Roxanne
 37807 | Spider:3 | Noticed cfbundy's ghost (adept FoFi)
 37815 | Spider:3 | Found a transporter.
 37842 | Spider:3 | Found a transporter.
 37853 | Spider:3 | Killed cfbundy's ghost
 37857 | Spider:3 | Identified the +0 helmet of Amnuma {Str+5}
 37912 | Spider:3 | Noticed Asterion
 37918 | Spider:3 | Killed Asterion
 38025 | Spider:3 | Noticed Arachne
 38031 | Spider:3 | Killed Arachne
 38434 | Spider:4 | Entered Level 4 of the Spider Nest
 38445 | Spider:4 | Noticed Aizul
 38449 | Spider:4 | Killed Aizul
 38771 | Spider:4 | Found a runed translucent gate.
 38771 | Spider:4 | Found a runed translucent gate.
 38771 | Spider:4 | Found a runed translucent gate.
 38775 | Spider:4 | Noticed Rod Caur's ghost (adept HOFi)
 38881 | Spider:4 | Got a gossamer rune of Zot
 39095 | Slime:1  | Entered Level 1 of the Pits of Slime
 39185 | Slime:3  | Found a viscous altar of Jiyva.
 39208 | Slime:4  | Noticed Dissolution
 39212 | Slime:4  | Killed Dissolution
 39213 | Slime:4  | Reached XP level 23. HP: 143/152 MP: 45/45
 39256 | Slime:5  | Entered Level 5 of the Pits of Slime
 39312 | Slime:5  | Noticed the Royal Jelly
 39328 | Slime:5  | Killed the Royal Jelly
 39331 | Slime:5  | Gained mutation: You are frail. (-10% HP) [a shining eye]
 39332 | Slime:5  | Gained mutation: You occasionally lose the ability to read
                  | scrolls when taking damage. [a shining eye]
 39399 | Slime:5  | Found the +2 hood of the Assassin {Detect Stab+ Stlth++}
 39494 | Slime:5  | Got a slimy rune of Zot
 39524 | Slime:5  | Got the Almanac of Bloody Frostbite
 39550 | Slime:5  | Identified the staff of death "Qeczaaja" {Fly rPois rF- rN+
                  | Str+5}
 39575 | Slime:5  | Identified the +2 leather armour "Wonomukk" {Fly}
 39592 | Slime:5  | Identified the +5 great sword of the Hidden Vale {drain,
                  | Str+6}
 39603 | Slime:5  | Identified the +8 hand axe "Gite" {holy, *Rage SInv Stlth+}
 39684 | Slime:1  | Gained mutation: You are vulnerable to cold. (rC-) [a
                  | shining eye]
 39689 | Slime:1  | Reached skill level 1 in Translocations
 39727 | Lair:4   | Lost mutation: You occasionally lose the ability to read
                  | scrolls when taking damage. [potion of mutation]
 39727 | Lair:4   | Lost mutation: You are vulnerable to cold. (rC-) [potion of
                  | mutation]
 39727 | Lair:4   | Lost mutation: You are frail. (-10% HP) [potion of
                  | mutation]
 39727 | Lair:4   | Gained mutation: You expend magic power (3 MP) to
                  | strengthen your wands. [potion of mutation]
 39727 | Lair:4   | Gained mutation: You are occasionally teleported next to
                  | monsters. [potion of mutation]
 39727 | Lair:4   | Gained mutation: Your mind is acute. (Int +4, Str/Dex -1)
                  | [potion of mutation]
 39728 | Lair:4   | Lost mutation: You are occasionally teleported next to
                  | monsters. [potion of mutation]
 39728 | Lair:4   | Lost mutation: Your mind is acute. (Int +4, Str/Dex -1)
                  | [potion of mutation]
 39728 | Lair:4   | Gained mutation: Armour fits poorly on your strangely
                  | shaped body. [potion of mutation]
 39728 | Lair:4   | Gained mutation: You are clumsy. (Dex -2) [potion of
                  | mutation]
 39728 | Lair:4   | Gained mutation: You have sharp toenails. [potion of
                  | mutation]
 40060 | Vaults:4 | Learned a level 3 spell: Swiftness
 40064 | Vaults:5 | Entered Level 5 of the Vaults
 40104 | Vaults:5 | Noticed an ancient lich
 40104 | Vaults:5 | Noticed an ancient lich
 40111 | Vaults:5 | Killed an ancient lich
 40114 | Vaults:5 | Killed an ancient lich
 40159 | Vaults:5 | Identified the staff of conjuration "Coaxi" {rPois rC+
                  | Will-}
 40159 | Vaults:5 | Identified the ring "Kiegyugunt" {Fly rPois Int+6 Dex+4}
 40166 | Vaults:5 | Reached skill level 10 in Armour
 40186 | Vaults:5 | Reached skill level 10 in Shields
 40314 | Vaults:5 | Identified the +2 buckler "Fech" {+Inv Will++ Dex-4 Stlth+}
 40350 | Vaults:5 | Reached skill level 10 in Dodging
 40497 | Vaults:5 | Identified the +1 great sword "Tazuk" {drain, rC+ Int+3}
 40506 | Vaults:5 | Noticed a dread lich
 40515 | Vaults:5 | Killed a dread lich
 40516 | Vaults:5 | Reached XP level 24. HP: 157/157 MP: 33/45
 40845 | Vaults:5 | Identified the +1 great mace of Vymiy {heavy, *Rage Will-
                  | MP+9 SInv}
 40986 | Vaults:5 | Reached skill level 10 in Stealth
 40999 | Vaults:5 | Reached skill level 5 in Evocations
 41193 | Vaults:5 | Got a silver rune of Zot
 41321 | Vaults:5 | Identified the ring of Uxkin {rC+ Str+2 Dex+6}
 41363 | Vaults:5 | Identified the staff of death "Visahawky" {Fragile rN+
                  | Will+ rCorr}
 41382 | Vaults:5 | Acquired 1063 gold pieces
 41415 | Vaults:5 | Found Vaerech's Armour Shop.
 41524 | Vaults:5 | Identified the amulet of Qeowac {Faith Drain rN++ Regen+}
 41562 | Vaults:5 | Learned a level 9 spell: Fire Storm
 41720 | Crypt:1  | Entered Level 1 of the Crypt
 42163 | Crypt:1  | Learned a level 4 spell: Dispel Undead
 42206 | Crypt:1  | Reached skill level 1 in Necromancy
 42976 | Crypt:2  | Reached skill level 5 in Necromancy
 42999 | Crypt:2  | Noticed Nyubb's ghost (veteran MiGl)
 43286 | Crypt:2  | Found a transporter.
 43292 | Crypt:2  | Found a transporter.
 43349 | Crypt:2  | Acquired 825 gold pieces
 43717 | Crypt:3  | Entered Level 3 of the Crypt
 43993 | Crypt:3  | Found a staircase to the Tomb.
 44323 | Crypt:3  | Reached XP level 25. HP: 163/163 MP: 45/45
 44754 | Crypt:3  | Noticed a dread lich
 44754 | Crypt:3  | Noticed a dread lich
 44760 | Crypt:3  | Killed a dread lich
 44760 | Crypt:3  | Killed a dread lich
 44800 | Crypt:3  | Noticed a dread lich
 44805 | Crypt:3  | Killed a dread lich
 44836 | Crypt:3  | Identified the ring "Otuiczawno" {Ice Int+3 SInv}
 44846 | Crypt:3  | Got the Anthology of the Aged Tables
 45116 | D:15     | Learned a level 2 spell: Blink
 45117 | Depths:1 | Entered Level 1 of the Depths
 45374 | Depths:1 | Found a gateway to Hell.
 45543 | Depths:1 | Found a one-way gateway to a ziggurat.
 45695 | Depths:1 | Found a one-way gate to the infinite horrors of the Abyss.
 45831 | Depths:1 | Reached skill level 10 in Necromancy
 45844 | Depths:1 | Identified the +1 cloak of Beogh, Keeping {rN+}
 45904 | Depths:1 | Found a corrupted altar of Lugonu.
 45986 | Depths:1 | Voluntarily entered the Abyss.
 45987 | Abyss:1  | Found a corrupted altar of Lugonu.
 46211 | Depths:1 | Escaped the Abyss
 46235 | Depths:1 | Voluntarily entered the Abyss.
 46239 | Abyss:2  | Found a corrupted altar of Lugonu.
 46255 | Abyss:2  | Found a corrupted altar of Lugonu.
 46268 | Abyss:2  | Learned a level 2 spell: Passwall
 46333 | Abyss:3  | Got an abyssal rune of Zot
 46409 | Depths:1 | Escaped the Abyss
 46464 | Zig:1    | Entered Level 1 of a ziggurat
 46503 | Zig:2    | Entered Level 2 of a ziggurat
 46514 | Zig:2    | Identified the ring "Pulyobli" {rElec rF++ rC+ Str-5 Int+3}
 46529 | Zig:3    | Entered Level 3 of a ziggurat
 46571 | Zig:4    | Entered Level 4 of a ziggurat
 46573 | Zig:4    | Found the +8 trishula "Condemnation" {holy, anguish, *Noise
                  | Fly rN+}
 46596 | Zig:4    | Got the Compilation of Mutated Causimancy
 46600 | Zig:5    | Entered Level 5 of a ziggurat
 46637 | Zig:6    | Entered Level 6 of a ziggurat
 46660 | Zig:6    | Identified the staff of earth "Huurerph" {rCorr Int+2 SInv
                  | Stlth+}
 46688 | Zig:7    | Entered Level 7 of a ziggurat
 46707 | Zig:7    | Identified the +0 scale mail "Wiell" {rPois MP+9 Int+3
                  | Dex+3}
 46726 | Zig:7    | Acquired the +2 buckler of the Inquisitive Seas {rF+}
 46743 | Zig:7    | Identified the staff of poison "Nurof" {rElec rPois rN+}
 46766 | Zig:8    | Entered Level 8 of a ziggurat
 46771 | Zig:8    | Found the +3 Mad Mage's Maulers {Infuse+∞ VampMP -Cast}
 46778 | Zig:8    | Noticed a royal mummy
 46780 | Zig:8    | Killed a royal mummy
 46781 | Zig:8    | Reached XP level 26. HP: 110/168 MP: 24/46
 46781 | Zig:8    | Found the +18 Lear's hauberk
 46786 | Zig:8    | Identified the +2 triple crossbow of the Harvest {heavy,
                  | SInv}
 46815 | Zig:9    | Entered Level 9 of a ziggurat
 46822 | Zig:9    | Noticed Fitromeg the pandemonium lord
 46823 | Zig:9    | Noticed a Killer Klown
 46825 | Zig:9    | Killed a Killer Klown
 46826 | Zig:9    | Killed Fitromeg the pandemonium lord
 46836 | Zig:9    | Identified the +2 sling of Icitraox {drain, rN+ Dex+2
                  | Stlth+}
 46854 | Zig:10   | Entered Level 10 of a ziggurat
 46861 | Zig:10   | Noticed an ancient lich
 46864 | Zig:10   | Killed an ancient lich
 46885 | Zig:10   | Identified the staff of fire "Jinoda" {rF+ Int+4 Stlth+}
 46892 | Zig:10   | Identified the ring "Hadotici" {rElec rC+ Will+ rCorr
                  | Dex+6}
 46894 | Zig:10   | Identified the staff of air "Kiwer" {rElec rF+ Dex+2}
 46898 | Zig:11   | Entered Level 11 of a ziggurat
 46932 | Zig:11   | Identified the staff of poison "Zeilol" {rPois Will+++
                  | Str-5 Int+4 Dex-3}
 46944 | Zig:11   | Identified the +5 sling of Noon {freeze, *Slow rC++ rCorr}
 46946 | Zig:11   | Identified the +0 pair of gloves of Plog {Slay+3}
 46952 | Zig:12   | Entered Level 12 of a ziggurat
 47052 | Hell     | Entered the Vestibule of Hell
 47052 | Hell     | Noticed Geryon
 47129 | Hell     | Killed Geryon
 47237 | Depths:2 | Found a portal to a secret trove of treasure.
 47249 | Depths:2 | You paid a toll of 5 scrolls of fog to enter a treasure
                  | trove
 47250 | Trove    | Entered a treasure trove
 47252 | Trove    | Found a bloodstained altar of Trog.
 47269 | Trove    | Identified the +3 hand axe of Vaideawu {vamp, rN+}
 47272 | Trove    | Identified the +0 hand axe "Binui" {flame, rN+}
 47282 | Trove    | Identified the +6 dagger of Ribekhlo {freeze, rC++ SInv}
 47283 | Trove    | Identified the +3 longbow "Sauf" {drain, rCorr Dex+2}
 47303 | Trove    | Identified the +9 dagger of Distant Worlds {speed, rPois}
 47411 | Depths:2 | Reached skill level 10 in Evocations
 47412 | Depths:2 | Reached skill level 1 in Invocations
 47737 | Depths:2 | Reached skill level 5 in Invocations
 47791 | Depths:2 | Found an ornate altar of the Wu Jian Council.
 48019 | Depths:2 | Found the -2 hat of the Alchemist {rElec rPois rF+ rC+ rN+
                  | Will+ rMut rCorr}
 48038 | Depths:2 | Identified the staff of fire "Zummeyke" {rF+ rC+ MP-9
                  | Dex+2}
 48057 | Depths:2 | Identified the +5 sling "Xuit Doh" {flame, Int+3 Stlth+}
 48105 | Depths:2 | Identified the staff of death "Muwejuziur" {rN+ Stlth+}
 48394 | Depths:2 | Found a one-way gate leading to the halls of Pandemonium.
 48874 | Depths:3 | Found Tiutid's Mayhem Merchandise.
 49115 | Depths:3 | Reached skill level 10 in Invocations
 49259 | Depths:3 | You are sucked into a shaft and drop 1 floor!
 49259 | Depths:4 | Entered Level 4 of the Depths
 49283 | Depths:4 | Noticed Mennas
 49290 | Depths:4 | Killed Mennas
 49368 | Depths:4 | Found a magical portal.
 49381 | WizLab   | Entered Zonguldrok's Shrine
 49441 | WizLab   | Reached XP level 27. HP: 176/176 MP: 46/46
 49617 | WizLab   | Noticed an antique lich
 49621 | WizLab   | Killed an antique lich
 49622 | WizLab   | Found the +9 sword of Zonguldrok {reap}
 49993 | Depths:4 | Acquired the +2 pair of gloves of Indecent Exposure {Str+3
                  | Dex+3}
 50123 | Depths:4 | Found a gate to the Realm of Zot.
 50411 | Depths:4 | Found Zasem's Book Shop.
 50411 | Depths:4 | Found Fudamaed's Jewellery Emporium.
 50412 | Depths:4 | Found Rubbic's Book Shop.
 50424 | Depths:4 | Bought the amulet of Gatalal {RegenMP +Blink Str+4} for 628
                  | gold pieces
 50792 | Depths:3 | Identified the ring of the Peasants {Will+ Str+6}
 50797 | Depths:3 | Reached skill level 15 in Invocations
 51482 | Depths:4 | Bought a book of Unlife for 756 gold pieces
 51489 | Depths:4 | Learned a level 5 spell: Borgnjor's Vile Clutch
 51589 | Zot:1    | Entered Level 1 of the Realm of Zot
 51693 | Zot:1    | Found the +4 dragonskin cloak
 51693 | Zot:1    | Noticed Tiamat
 51704 | Zot:1    | Killed Tiamat
 51968 | Zot:1    | Noticed Vv
 51978 | Zot:1    | Killed Vv
 52053 | Zot:1    | Identified the +1 mace "Tybrul" {freeze, rPois Will+}
 52288 | Zot:2    | Identified the +1 glaive of Obao {venom, Dex+2}
 52339 | Zot:2    | Reached skill level 15 in Earth Magic
 52535 | Zot:5    | Entered Level 5 of the Realm of Zot
 52856 | Zot:5    | Noticed an orb of fire
 52858 | Zot:5    | Noticed an orb of fire
 52861 | Zot:5    | Noticed an orb of fire
 52864 | Zot:5    | Killed an orb of fire
 52866 | Zot:5    | Killed an orb of fire
 52873 | Zot:5    | Killed an orb of fire
 52874 | Zot:5    | Noticed an ancient lich
 52877 | Zot:5    | Killed an ancient lich
 53368 | Zot:5    | Got the Orb of Zot
 53370 | Zot:5    | Noticed Xiypnoyl the pandemonium lord
 53371 | Zot:5    | Noticed a dread lich
 53371 | Zot:5    | Noticed an orb of fire
 53371 | Zot:5    | Noticed an ancient lich
 53371 | Zot:5    | Noticed an orb of fire
 53603 | Depths:2 | Noticed Seimmiurgh the pandemonium lord
 53665 | D:14     | Noticed Ceneak the pandemonium lord
 53817 | D:7      | Noticed Pioqabovu the pandemonium lord
 53987 | D:$      | Escaped with the Orb!

Illustrated notes

Levels and vault maps discovered:
D:1:      nicolae_arrival_memento_mori, layout_basic, serial_shops, shop,
          minmay_misc_feat_roman, minmay_lizard_pond
D:2:      layout_basic, chequers_serial_rivers_small_a, minmay_box_of_dots,
          uniq_natasha, uniq_crazy_yiuf_cottage
D:3:      layout_basic, chequers_temple_overflow_statue_of_worship,
          chequers_ecumenical_altar_simple_redux, serial_undead,
          serial_undead_d, serial_undead_f, serial_undead_e, serial_undead_d,
          hangedman_feature_mirror, corner_web_ring
D:4:      layout_loops_ring, nicolae_ossuary_entry_catacombs, uniq_edmund
D:5:      layout_loops_ring, nicolae_ru_the_path_less_chosen, kennysheep_mini
D:6:      layout_cave_pools, vehumet_crystals, lemuel_doored_altar,
          nicolae_tso_besieged_by_evil, minmay_temple_entry_butterflies,
          minmay_fractal_squares_diagonal_5
D:7:      minmay_evil_eye, layout_basic, led_xom_imps,
          nicolae_dithmenos_through_a_glass_darkly
D:8:      layout_rooms
D:9:      layout_small_grid, erik_lair_orcish_takeover
D:10:     layout_rooms, elyvilon_altar_5, nicolae_qazlal_scattered_showers
D:11:     kennysheep_kobold_lugonu_temple, layout_cross,
          kennysheep_orc_monster_closet_entryway, kennysheep_generic_room_4,
          uniq_erolcha
D:12:     layout_stronghold, uniq_azrael, uniq_josephine
D:13:     layout_roguey, lightli_vaults_fourway_checkpoint, uniq_snorg
D:14:     layout_irregular_city, reono_crystal_passage
D:15:     gammafunk_enter_depths_forms, layout_cave_pools, skrybe_limestone_x
Temple:   jpeg_temple_clearing
Lair:1:   layout_gridlike, uniq_gastronok
Lair:2:   layout_chaotic_city, minmay_shoals_entry_centaurs,
          nicolae_spider_entry_lesser_pyramids, grunt_megastairs_2
Lair:3:   layout_roguey
Lair:4:   layout_cellular_growth, nicolae_slime_entry_slimehenge,
          serial_bayou_shore_a
Lair:5:   gammafunk_lair_ancient_temple, layout_loops_ring,
          portal_ice_cave_entry_pillars_2, uniq_urug
Shoals:1: layout_shoals, uniq_nikola, uniq_jorgrun
Shoals:2: layout_shoals, gammafunk_ghost_berserking_beasts
Shoals:3: layout_shoals, nicolae_shoals_flooded_hall, uniq_polyphemus
Shoals:4: shoals_end_simple, layout_shoals, nicolae_shop_dragon_depot,
          nicolae_shoals_secluded_bog, uniq_mlioglotl
Spider:1: layout_cave_pods, uniq_kirke, uniq_donald
Spider:2: layout_spider_delve
Spider:3: layout_spider_delve, gammafunk_ghost_arena, uniq_roxanne,
          uniq_asterion, uniq_arachne
Spider:4: spider_rune_water, gammafunk_ghost_tricky_traps, uniq_aizul
Slime:1:  layout_caves
Slime:2:  layout_caves, cheibrodos_slime_lost_civilization_5
Slime:3:  layout_caves, basic_altar
Slime:4:  layout_caves, dissolution_awaits
Slime:5
Orc:1:    emtedronai_trogs_sanctum, layout_diamond_mine, minmay_orc_keep
Orc:2:    st_orc_congregation, layout_diamond_mine, mines2_david
Elf:1:    eino_elf_arrival_shootout, layout_loops_corners,
          hangedman_elven_crosses_minicolossus
Elf:2:    nicolae_elf_blades_splatter_lattice
          [nicolae_blade_entry_diamond_columns], layout_loops_ring,
          portal_desolation_entry_salt, hellmonk_ghost_happy_afterlife,
          solitary_fountain, uniq_louise
Elf:3:    elf_hall, layout_onion_city, hangedman_glass_teeth
Vaults:1: v_misc_27, vaults_room_corners, nicolae_vaults_diamond_1,
          vaults_room_corners, vaults_standard_mumra_lines,
          ontoclasm_vaults_eye, ontoclasm_vaults_gateway,
          nicolae_vaults_diagonal_hallway_8, nicolae_vaults_triangles,
          layout_vaults_omnicross
Vaults:2: nicolae_vaults_turnstiles, nicolae_vaults_weapon_check,
          hangedman_vaults_cutoff, minmay_crypt_entry_simple_plaza,
          nicolae_vaults_trapezoid_lopsided_3, grunt_vaults_diagonal, v_misc_22,
          v_misc_8, nicolae_vaults_storage_room_statues, vaults_room_boxed,
          nicolae_vaults_trapezoid_2, ontoclasm_vaults_pinch, st_spiral_rooms,
          nicolae_vaults_tetromino_L_1, nicolae_vaults_mini_display_case,
          layout_vaults_omnibox, serial_shops, nicolae_shop_hallway_stairs,
          serial_glass
Vaults:3: v_misc_18, nicolae_vaults_surprise_closet, v_misc_3,
          nicolae_vaults_heart-shaped_vault, nicolae_vaults_storage_room_doors,
          nicolae_vaults_diamond_1, layout_vaults_omnigrid, serial_shops,
          nicolae_shop_advertising_works [nicolae_subvault_shop_adworks]
Vaults:4: st_diamondy, ontoclasm_vaults_ring_small,
          nicolae_vaults_closet_pinwheel_3, nicolae_vaults_closet_pinwheel_4,
          nicolae_vaults_cochlea, nicolae_vaults_diagonal_hallway_8,
          nicolae_vaults_border_crossing, ontoclasm_vaults_ligature,
          layout_vaults_big_room, serial_shops, statue_bzr
Vaults:5
Crypt:1:  layout_rooms, grunt_crypt_arrival_split
Crypt:2:  layout_gridlike, gammafunk_ghost_mausoleum, st_stairs_9,
          grunt_megastairs_4, lemuel_elevator
Crypt:3:  david_glass_crypt, layout_basic, nicolae_crypt_knee_deep_in_the_dead
Depths:1: dreamdust_merry_men, layout_cave_pools, enter_ziggurat_a, hellmouth_1,
          abyss_entry, minmay_misc_feat_ornament, corexii_hall_statues_l,
          tgw_lugonu_bribe
Depths:2: gold_lair_mu, layout_gridlike, nicolae_trove_entry_free_sample,
          nzn_wu_jian_council_hall, serial_glass, glass_columns_c,
          glass_columns_a, grunt_mini_vestibule, grunt_pan_entry_sceptre,
          infiniplex_staircase_pool_2
Depths:3: nzn_winding_woodlands_stair_cross
          [nzn_winding_woodlands_5x15_sidewinder,
          nzn_winding_woodlands_center_pierced_h,
          nzn_winding_woodlands_5x15_sawtooth, nzn_winding_woodlands_5x5_three,
          nzn_winding_woodlands_5x5_cross,
          nzn_winding_woodlands_5x15_river_crossing,
          nzn_winding_woodlands_center_lodge,
          nzn_winding_woodlands_5x15_default], layout_small_grid,
          pf_hell_entry_tar_spiral, grunt_decor_clamped, abyss_entry,
          minmay_shop_mayhem, kennysheep_dice
Depths:4: grunt_zot_entry_bicorn, layout_gridlike, grunt_hell_entry_dis_old,
          abyss_entry, mu_enter_wizlab_3, pan_entry, serial_rivers,
          chequers_serial_rivers_micro_a, chequers_serial_rivers_micro_e,
          chequers_serial_rivers_micro_b, chequers_serial_rivers_large_b,
          chequers_serial_rivers_marsh, drop_trap,
          chequers_serial_rivers_micro_a, minmay_shop_grove, uniq_mennas
Hell
Zot:1:    grunt_twist_and_shout, layout_onion_interference, grunt_ministairs_14,
          uniq_josephina, uniq_tiamat, uniq_vv
Zot:2:    layout_misc_corridors
Zot:3:    layout_cathedral_of_symmetry
Zot:4:    layout_misc_corridors, lemuel_baited_zot_trap
Zot:5:    layout_misc_corridors, skrybe_zot_glass_1

Skill      XL: |  1  2  3  4  5  6  7  8  9 10 11 12 13 14 15 16 17 18 19 20 21 22 23 24 25 26 27 |
---------------+----------------------------------------------------------------------------------+-----
Conjurations   | 2 3 4 5 8 9 10 11 12 13 15 16 18 19 | 19.0
Stealth        | 3 4 6 8 10 | 10.0
Spellcasting   | 3 4 6 10 11 13 15 16 18 19 | 19.0
Fire Magic     | 4 5 6 8 9 10 11 12 15 17 18 19 | 19.0
Fighting       | 4 6 7 8 10 12 15 17 18 19 | 19.0
Dodging        | 2 4 5 6 8 9 10 11 | 11.2
Armour         | 2 3 6 7 8 9 10 11 | 11.9
Earth Magic    | 2 3 7 8 9 10 12 13 14 19 | 19.0
Poison Magic   | 2 6 8 10 12 | 12.0
Transmutations | 1 2 3 4 6 8 |  8.0
Air Magic      | 1 2 |  2.0
Shields        | 4 6 7 8 9 10 11 | 11.9
Evocations     | 1 2 3 8 10 | 10.0
Translocations | 2 |  2.0
Necromancy     | 8 10 | 10.0
Invocations    | 11 19 | 19.1

Action                     |  1- 3 |  4- 6 |  7- 9 | 10-12 | 13-15 | 16-18 | 19-21 | 22-24 | 25-27 || total
---------------------------+-------+-------+-------+-------+-------+-------+-------+-------+-------++-------
  Melee: Dagger            |    15 |       |       |       |       |       |       |       |       ||    15
         Short sword       |       |    23 |     3 |       |       |       |       |       |       ||    26
         Staff             |       |       |    12 |    57 |    11 |       |       |       |    18 ||    98
         Mace              |       |       |       |     5 |       |       |       |       |       ||     5
         Long sword        |       |       |       |     6 |     8 |     2 |       |     8 |       ||    24
   Cast: Foxfire           |    53 |    78 |   249 |   209 |     2 |       |       |       |       ||   591
         Scorch            |       |    38 |    51 |    74 |       |       |       |       |       ||   163
         Flame Wave        |       |       |     2 |    29 |       |       |       |       |       ||    31
         Poisonous Vapours |       |       |       |    71 |   212 |   288 |   297 |   249 |   188 ||  1305
         Fireball          |       |       |       |    10 |     9 |       |       |       |       ||    19
         Ignite Poison     |       |       |       |    61 |   149 |   205 |   185 |   181 |   115 ||   896
         Olgreb's Toxic Ra |       |       |       |    26 |    48 |    71 |    42 |    37 |       ||   224
         Stone Arrow       |       |       |       |     1 |    13 |       |       |       |       ||    14
         Starburst         |       |       |       |       |   114 |    54 |    66 |    77 |    59 ||   370
         Orb of Destructio |       |       |       |       |     2 |       |       |       |       ||     2
         Iron Shot         |       |       |       |       |    13 |    39 |   166 |   275 |   392 ||   885
         Eringya's Noxious |       |       |       |       |     1 |     1 |     2 |    11 |     7 ||    22
         Ignition          |       |       |       |       |       |     8 |    17 |    29 |    55 ||   109
         Irradiate         |       |       |       |       |       |       |    17 |    12 |    23 ||    52
         Dispel Undead     |       |       |       |       |       |       |       |    20 |    62 ||    82
         Fire Storm        |       |       |       |       |       |       |       |       |   116 ||   116
         Passwall          |       |       |       |       |       |       |       |       |    46 ||    46
         Swiftness         |       |       |       |       |       |       |       |       |     4 ||     4
         Blink             |       |       |       |       |       |       |       |       |     5 ||     5
         Borgnjor's Vile C |       |       |       |       |       |       |       |       |     3 ||     3
  Evoke: Wand              |       |     3 |     1 |       |     1 |       |       |       |       ||     5
         Phial of floods   |       |       |       |       |       |       |       |       |     1 ||     1
    Use: Scroll            |       |     3 |     8 |     9 |     8 |     4 |     6 |     6 |    17 ||    61
         Potion            |       |       |       |       |       |     1 |       |     8 |    15 ||    24
 Armour: Robe              |    10 |    26 |    47 |    45 |       |       |       |       |       ||   128
         Troll leather arm |       |       |       |    70 |   108 |    92 |    97 |   146 |   228 ||   741
  Dodge: Dodged            |    20 |    27 |    60 |   135 |    96 |    77 |    77 |   127 |   184 ||   803
  Block: Buckler           |       |       |       |       |    30 |    36 |    37 |    93 |   136 ||   332
